 Dungeon Crawl Stone Soup version 0.19.1 (webtiles) character file.

3848 kae the Basher (level 10, -8/70 HPs)
             Began as a Formicid Fighter on Dec 2, 2016.
             Was a Believer of Okawaru.
             Mangled by Urug
             ... wielding a +3 battleaxe
              (19 damage)
             ... on level 10 of the Dungeon.
             The game lasted 00:17:14 (9119 turns).

kae the Basher (Formicid Fighter)                   Turns: 9119, Time: 00:17:15

Health: -8/70      AC: 12    Str: 28    XL:     10   Next: 41%
Magic:  12/13      EV: 12    Int:  9    God:    Okawaru [**....]
Gold:   341        SH: 12    Dex: 10    Spells: 0 memorised, 9 levels left

rFire  . . .     SeeInvis +     C - +3 mace of the Moon {crush, MR+} (curse)
rCold  . . .     Gourm    .     q - +0 scale mail
rNeg   + . .     Faith    .     c - +0 shield
rPois  +         Spirit   .     (helmet unavailable)
rElec  .         Reflect  .     i - +1 cloak
rCorr  .         Harm     .     (no gloves)
MR     ++...                    y - +1 pair of boots of Wonder {rPois}
Stlth  +.........               (no amulet)
                                m - ring of positive energy
                                w - ring of poison resistance

@: mighty, heroism
A: permanent stasis, dig shafts and tunnels, four strong arms, antennae 3
a: Dig, Shaft Self, Heroism, Renounce Religion


You were on level 10 of the Dungeon.
You worshipped Okawaru.
Okawaru was pleased with you.
You were not hungry.

You visited 1 branch of the dungeon, and saw 10 of its levels.
You also visited: Ossuary.

You collected 341 gold pieces.

Inventory:

Hand Weapons
 a - a +1 flail
 C - the cursed +3 mace of the Moon (weapon) {crush, MR+}
   (You found it on level 6 of the Dungeon)

   It inflicts extra damage upon your enemies.
   It affects your resistance to hostile enchantments.
   It has a curse placed upon it.
Missiles
 L - a throwing net (quivered)
Armour
 c - a +0 shield (worn)
 i - a +1 cloak (worn)
 q - a +0 scale mail (worn)
 y - the +1 pair of boots of Wonder (worn) {rPois}
   (You acquired it on level 6 of the Dungeon)

   It protects you from poison.
Jewellery
 m - a ring of positive energy (right hand)
 w - a ring of poison resistance (left hand)
Wands
 n - a wand of confusion (25/48)
 z - a wand of confusion (24/48)
 H - a wand of lightning (7/15)
 M - a wand of digging (9/24)
Scrolls
 b - 2 scrolls of magic mapping
 h - 6 scrolls of remove curse
 s - a scroll of enchant armour
 D - a scroll of enchant weapon
Potions
 g - 3 potions of flight
 k - 3 potions of curing
 l - a potion of mutation
 o - 2 potions of resistance
 p - a potion of brilliance {unknown}
 t - a potion of magic
 B - 4 potions of ambrosia
 E - a potion of berserk rage {unknown}
 F - a potion of cancellation {unknown}
 G - a potion of agility
 I - 3 potions of lignification
 J - a potion of invisibility
Books
 j - a book of Air

   Spells                             Type                      Level
   a - Shock                          Conjuration/Air              1
   b - Swiftness                      Charms/Air                   2
   c - Repel Missiles                 Charms/Air                   2
   d - Static Discharge               Conjuration/Air              3
   e - Lightning Bolt                 Conjuration/Air              5
 v - a book of Maledictions

   Spells                             Type                      Level
   a - Corona                         Hexes                        1
   b - Ensorcelled Hibernation        Hexes/Ice                    2
   c - Confuse                        Hexes                        3
   d - Tukima's Dance                 Hexes                        3
   e - Dazzling Spray                 Conjuration/Hexes            3
 A - a book of Flames

   Spells                             Type                      Level
   a - Flame Tongue                   Conjuration/Fire             1
   b - Throw Flame                    Conjuration/Fire             2
   c - Conjure Flame                  Conjuration/Fire             3
   d - Inner Flame                    Hexes/Fire                   3
   e - Sticky Flame                   Conjuration/Fire             4
   f - Fireball                       Conjuration/Fire             5
Comestibles
 d - 2 slices of pizza
 f - 7 bread rations
 r - a meat ration
 u - 4 fruits
 x - a beef jerky
 K - 3 chunks of flesh


   Skills:
 - Level 3.2(8.2) Fighting
 * Level 13.2(18.2) Maces & Flails
 - Level 3.2(8.2) Armour
 + Level 4.1(9.1) Shields
 + Level 5.0 Invocations


You had 9 spell levels left.
You didn't know any spells.

Dungeon Overview and Level Annotations

Branches:
Dungeon (10/15)            Temple (0/1) D:6            Lair (0/6) D:9
    Orc: D:9-12

Altars:
Ashenzari
Gozag
Hepliaklqana
Nemelex Xobeh
Okawaru
Qazlal
Trog
Vehumet
Xom
Yredelemnul
The Shining One

Shops:
D:5 [

Annotations:
D:7 Joseph
D:10 Urug


Innate Abilities, Weirdness & Mutations

You are under a permanent stasis effect.
You can dig through walls and to a lower floor.
Your four strong arms can wield two-handed weapons with a shield.
You have a pair of large antennae on your head. (SInv)


Message History

Urug screams, "Revenge!"
You block Urug's attack.
You closely miss Urug.
Urug is heavily wounded.
You sock Urug!
Urug is severely wounded.
Urug hits you with an enchanted battleaxe!
You barely miss Urug.
Urug is severely wounded.
You sock Urug!
Urug is almost dead.
Urug hits you with an enchanted battleaxe!
* * * LOW HITPOINT WARNING * * *
Okay, then.
You hit Urug but do no damage.
Urug is almost dead.
You sock Urug!
Urug is almost dead.
Urug hits you with an enchanted battleaxe!!
You die...

####.#### #.
.#......###.......##
#..........##.........##
#...#......#......)....#
#...#..)...#...........#
.......!..#...........#
#.......##...)(....##
#..##.....$###..)#...##
#%...o@.((((...##.###
#.#.##.........##.#.#
#.........###)##
#.....?...# ###
#.........# ...........#
###.........#
#.........# ###########


You could see Urug.

Vanquished Creatures
  An ugly thing (D:9)
  Eustachio (D:5)
  A wyvern (D:9)
  A hungry ghost (D:7)
  Menkaure (D:5)
  The ghost of azzavlup the Poker, an amateur MfIE (D:3)
  An orc warrior (D:8)
  A sky beast (D:7)
  A phantom (D:10)
  3 ogres
  6 centaurs
  5 bullfrogs
  A big kobold (D:10)
  A water moccasin zombie (Ossuary)
  2 scorpions
  4 wights (D:9)
  A bullfrog zombie (D:5)
  3 jellies
  An orc priest (D:9)
  5 hounds
  2 bullfrog skeletons
  2 centaur skeletons
  An iron imp (D:7)
  5 orc wizards
  3 iguanas
  4 worker ants
  A big kobold zombie (Ossuary)
  3 mummies
  2 worker ant zombies (D:7)
  10 adders
  4 gnolls (D:4)
  A shadow imp (D:6)
  2 adder skeletons
  7 adder zombies
  4 worms
  A dart slug (D:2)
  2 leopard geckos
  8 orcs
  4 giant cockroaches
  4 gnoll zombies (Ossuary)
  6 goblins
  7 hobgoblins
  6 jackals
  4 quokkas
  4 ball pythons
  7 bats
  4 frilled lizards
  2 goblin skeletons (D:7)
  2 goblin zombies
  7 hobgoblin zombies
  A jackal skeleton (D:4)
  10 kobolds
  A kobold skeleton (D:7)
  4 kobold zombies (Ossuary)
  2 orc skeletons (D:7)
  3 orc zombies (Ossuary)
  A quokka zombie (D:8)
  2 rats
184 creatures vanquished.

Notes
Turn   | Place    | Note
-------+----------+-------------------------------------------
     0 | D:1      | kae the Formicid Fighter began the quest for the Orb.
     0 | D:1      | Reached XP level 1. HP: 18/18 MP: 1/1
   380 | D:1      | Reached XP level 2. HP: 22/24 MP: 2/2
   763 | D:1      | Reached skill level 3 in Maces & Flails
   874 | D:2      | Reached XP level 3. HP: 27/29 MP: 3/3
  1220 | D:2      | Found a shattered altar of Ashenzari.
  1701 | D:3      | Reached XP level 4. HP: 35/35 MP: 4/4
  1715 | D:3      | Reached skill level 4 in Maces & Flails
  1787 | D:3      | Found a stormy altar of Qazlal.
  1787 | D:3      | Noticed a bullfrog
  1788 | D:3      | Found a hazy altar of Hepliaklqana.
  1789 | D:3      | Found an opulent altar of Gozag.
  1798 | D:3      | Killed a bullfrog
  1798 | D:3      | Reached skill level 5 in Maces & Flails
  1798 | D:3      | Reached XP level 5. HP: 23/41 MP: 5/5
  1799 | D:3      | Found a basalt altar of Yredelemnul.
  1799 | D:3      | Found a shimmering altar of Xom.
  2110 | D:3      | Found a radiant altar of Vehumet.
  2129 | D:3      | Noticed azzavlup's ghost (amateur MfIE)
  2727 | D:3      | Killed azzavlup's ghost
  2727 | D:3      | Reached skill level 6 in Maces & Flails
  2727 | D:3      | Reached XP level 6. HP: 28/47 MP: 6/6
  2935 | D:4      | Noticed an ogre
  2939 | D:4      | Killed an ogre
  2939 | D:4      | Reached XP level 7. HP: 33/52 MP: 7/7
  3116 | D:4      | Reached skill level 7 in Maces & Flails
  3308 | D:4      | Found an iron altar of Okawaru.
  3355 | D:4      | Became a worshipper of Warmaster Okawaru
  3700 | D:5      | Entered Level 5 of the Dungeon
  3922 | D:5      | Reached skill level 8 in Maces & Flails
  4175 | D:5      | Found Vorhacoe's Armour Shoppe.
  4197 | D:5      | Noticed Menkaure
  4242 | D:6      | Reached XP level 8. HP: 56/58 MP: 8/8
  4285 | D:6      | Found a staircase to the Ecumenical Temple.
  4313 | D:6      | Reached skill level 9 in Maces & Flails
  4596 | D:6      | Reached * piety under Okawaru
  4882 | D:6      | Got a translucent mace
  4883 | D:6      | Identified the cursed +3 mace of the Moon {crush, MR+} (You found it on level 6 of the Dungeon)
  4885 | D:6      | Identified a scroll of acquirement
  4886 | D:6      | Got a pair of polished boots
  4892 | D:6      | Identified the +1 pair of boots of Wonder {rPois} (You acquired it on level 6 of the Dungeon)
  5116 | D:5      | Noticed Eustachio
  5157 | D:5      | Killed Eustachio
  5390 | D:5      | Killed Menkaure
  5390 | D:5      | Reached skill level 10 in Maces & Flails
  5610 | D:7      | Reached XP level 9. HP: 60/64 MP: 9/9
  5655 | D:7      | Found a glowing golden altar of the Shining One.
  5770 | D:7      | Noticed Joseph
  5773 | D:7      | Reached ** piety under Okawaru
  5780 | D:7      | You fall through a shaft for 2 floors!
  5915 | D:9      | Reached skill level 11 in Maces & Flails
  5952 | D:8      | Got a fine cloak
  5965 | D:8      | Identified the +1 cloak of the Guild-Master {rF- rCorr Str-4 Dex+10} (You found it on level 8 of the Dungeon)
  5978 | D:8      | Found a sand-covered staircase.
  5984 | Ossuary  | Entered an ossuary
  6829 | D:8      | Reached skill level 12 in Maces & Flails
  7048 | D:8      | Reached skill level 1 in Invocations
  7470 | D:9      | Gained mutation: You have sharp toenails. [potion of beneficial mutation]
  7471 | D:9      | Lost mutation: You have sharp toenails. [potion of cure mutation]
  7604 | D:9      | Found a staircase to the Lair.
  7627 | D:9      | Noticed a brown ugly thing
  7659 | D:9      | Killed a brown ugly thing
  7659 | D:9      | Reached XP level 10. HP: 30/70 MP: 9/12
  8268 | D:9      | Found a sparkling altar of Nemelex Xobeh.
  8268 | D:9      | Found a bloodstained altar of Trog.
  8440 | D:9      | Reached skill level 13 in Maces & Flails
  8764 | D:10     | Entered Level 10 of the Dungeon
  8974 | D:10     | Reached skill level 5 in Invocations
  9103 | D:10     | Noticed Urug
  9119 | D:10     | Mangled by Urug

Skill      XL: |  1  2  3  4  5  6  7  8  9 10 |
---------------+-------------------------------+-----
Maces & Flails | 3 5 6 8 10 12 13 | 13.2
Invocations    | 3 5 |  5.0
Shields        | 4 |  4.1
Fighting       | |  3.2
Armour         | |  3.2

Action                   |  1- 3 |  4- 6 |  7- 9 | 10-12 || total
-------------------------+-------+-------+-------+-------++-------
Melee: Flail             |    82 |   135 |   150 |       ||   367
       Mace              |       |       |   322 |   114 ||   436
Invok: Heroism           |       |       |     4 |     3 ||     7
 Abil: Dig               |     1 |       |     7 |     2 ||    10
       Shaft Self        |       |       |     1 |       ||     1
  Use: Scroll            |     1 |    12 |    15 |       ||    28
       Potion            |       |     3 |     3 |     1 ||     7
  Eat: Chunk             |     3 |     1 |    14 |     5 ||    23
       Meat ration       |       |     1 |       |       ||     1
       Beef jerky        |       |       |     1 |       ||     1
       Fruit             |       |       |     2 |       ||     2
Armor: Scale mail        |    39 |    64 |   138 |    19 ||   260
Dodge: Dodged            |    19 |    44 |   104 |    24 ||   191
Block: Shield            |    40 |    87 |   170 |    28 ||   325
